Selects Airborne Battlegroup
Selects Heavy Machine Gun Paradrop
Heavy Machine Gun Paradrop
Heavy Machine Gun Paradrop
Selects Paratrooper Squad Paradrop
Paratrooper Squad Paradrop
Heavy Machine Gun Paradrop
Mechanized Support Center
Construct Medical Station
Heavy Machine Gun Paradrop
Selects Anti-tank Gun Team Paradrop
Anti-tank Gun Team Paradrop
Heavy Machine Gun Paradrop
Designate Forward Repair Station
M16 Multiple Gun Motor Carriage
M1918 Browning Automatic Rifles
Paratrooper Squad Paradrop
Paratrooper Squad Paradrop
M3 75 mm Gun Motor Carriage
Paratrooper Squad Paradrop
Selects Carpet Bombing Run
Designate Forward Repair Station
Anti-tank Gun Team Paradrop
Paratrooper Squad Paradrop
Anti-tank Gun Team Paradrop
Paratrooper Squad Paradrop